 Dungeon Crawl Stone Soup version 0.19.5 (webtiles) character file.

120 bobbobbob the Caller (level 4, -6/30 HPs)
             Began as a Vampire Summoner on Apr 22, 2017.
             Mangled by a centaur (7 damage)
             ... on level 4 of the Dungeon on Apr 23, 2017.
             The game lasted 00:31:37 (3197 turns).

bobbobbob the Caller (Vampire Summoner)             Turns: 3197, Time: 00:31:38

Health: -6/30      AC:  2    Str:  7    XL:     4   Next: 75%
Magic:  1/9        EV: 13    Int: 18    God:
Gold:   152        SH:  0    Dex: 14    Spells: 3 memorised, 3 levels left

rFire  . . .     SeeInvis +     (no weapon)
rCold  . . .     Gourm    .     a - +0 robe
rNeg   + . .     Faith    .     (no shield)
rPois  .         Spirit   .     (no helmet)
rElec  .         Reflect  .     (no cloak)
rCorr  .         Harm     .     (no gloves)
MR     .....                    (no boots)
Stlth  ++........               (no amulet)
                                (no ring)
                                (no ring)

@: very slightly contaminated
A: fangs 3, see invisible, unbreathing
a: Bat Form


You were on level 4 of the Dungeon.
You were not thirsty.

You visited 1 branch of the dungeon, and saw 4 of its levels.

You collected 152 gold pieces.

Inventory:

Armour
 a - a +0 robe (worn)
Jewellery
 f - an uncursed ring of wizardry {unknown}
Wands
 p - a wand of slowing (17/48)
Scrolls
 e - 3 scrolls of teleportation {unknown}
 g - 8 scrolls of identify {unknown}
 i - a scroll of noise {unknown}
 l - 3 scrolls of remove curse {unknown}
 n - 2 scrolls of magic mapping {unknown}
 q - a scroll of fog {unknown}
Potions
 c - 18 potions of blood
 d - 2 potions of haste {unknown}
 h - a potion of degeneration {unknown}
 j - a potion of brilliance {unknown}
 k - 2 potions of lignification {unknown}
 m - a potion of heal wounds {unknown}
 o - 4 potions of curing {unknown}
 r - a potion of flight {unknown}
Books
 b - a book of Callings

   Spells                             Type                      Level
   a - Summon Small Mammal            Summoning                    1
   b - Call Imp                       Summoning                    2
   c - Call Canine Familiar           Summoning                    3
   d - Summon Guardian Golem          Hexes/Summoning              3
   e - Summon Lightning Spire         Summoning/Air                4
   f - Summon Ice Beast               Ice/Summoning                4


   Skills:
 + Level 2.4 Dodging
 + Level 3.6 Stealth
 + Level 3.3 Spellcasting
 + Level 5.1 Summonings


You had 3 spell levels left.
You knew the following spells:

 Your Spells              Type           Power        Failure   Level  Hunger
a - Summon Small Mammal   Summ           ###.         1%          1    None
b - Call Imp              Summ           ###.....     3%          2    ##.....
c - Summon Guardian Gole  Hex/Summ       ##......     21%         3    ###....


Dungeon Overview and Level Annotations

Branches:
Dungeon (4/15)
 Temple: D:4-7

Altars:
Sif Muna
Vehumet
The Shining One


Innate Abilities, Weirdness & Mutations

You have razor-sharp teeth.
You have supernaturally acute eyesight. (SInv)
You can survive without breathing.


Message History

The centaur hits you.
* * * LOW HITPOINT WARNING * * *
The worker ant bites your guardian golem but does no damage.
Your bat hits the centaur but does no damage.
Your bat hits the centaur but does no damage.
The centaur misses you.
Your bat hits the centaur but does no damage.
The worker ant bites your guardian golem.
The centaur hits you.
* * * LOW HITPOINT WARNING * * *
Your bat hits the centaur but does no damage.
The centaur hits you but does no damage.
The worker ant bites your guardian golem.
Your bat completely misses the centaur.
The centaur barely misses you.
The worker ant bites your guardian golem but does no damage.
The centaur hits you but does no damage.
Your bat barely misses the centaur.
The worker ant bites your guardian golem.
The centaur hits you!
You die...

#..................#####..#....#
#.............a...######..#....#
#................####.##..#....#
#...............####..##..#....#
#####..#...>#######...#####....#
.....######.######....### #..§.#
.....# #.#......#..#.###...§#
.....# #.'.#######.._.##....#
.....# ###.a8@c.#..#.###....#
###### ######....### #..rr#
##b..# #....## ##..# #......
##.# #...... ### #......
####..#...... +.....#......
#.....#......


You could see a centaur, a worker ant, a friendly guardian golem and a friendly
bat.

Vanquished Creatures (collateral kills)
  An orc priest (D:3)
  A hound (D:4)
  An iguana (D:3)
  A worker ant (D:4)
  5 adders
  An ooze (D:2)
  A dart slug (D:2)
  5 leopard geckos
  3 orcs (D:3)
  2 ball pythons
  4 giant cockroaches
  7 goblins
  6 hobgoblins
  7 bats
  3 frilled lizards
  4 kobolds
  5 rats
57 creatures vanquished.

Notes
Turn   | Place    | Note
-------+----------+-------------------------------------------
     0 | D:1      | bobbobbob the Vampire Summoner began the quest for the Orb.
     0 | D:1      | Reached XP level 1. HP: 13/13 MP: 3/3
   313 | D:1      | Reached XP level 2. HP: 19/19 MP: 1/5
  1087 | D:2      | Reached XP level 3. HP: 23/24 MP: 3/6
  1758 | D:3      | Found a deep blue altar of Sif Muna.
  1758 | D:3      | Found a faded altar of an unknown god.
  1782 | D:3      | Found a faded altar of an unknown god.
  1789 | D:3      | Found a faded altar of an unknown god.
  1802 | D:3      | Found a faded altar of an unknown god.
  1964 | D:3      | Reached XP level 4. HP: 14/30 MP: 0/8
  2225 | D:3      | Learned a level 2 spell: Call Imp
  2229 | D:3      | Learned a level 3 spell: Summon Guardian Golem
  2678 | D:4      | Reached skill level 5 in Summonings
  2769 | D:4      | Found a radiant altar of Vehumet.
  2933 | D:4      | Found a glowing golden altar of the Shining One.
  3015 | D:4      | Noticed a centaur
  3194 | D:4      | HP: 1/30 [centaur (5)]
  3197 | D:4      | Mangled by a centaur

Skill      XL: |  1  2  3  4 |
---------------+-------------+-----
Spellcasting   | 3 |  3.3
Summonings     | 5 |  5.1
Dodging        | |  2.4
Stealth        | |  3.6

Action                   |  1- 3 |  4- 6 || total
-------------------------+-------+-------++-------
Melee: Unarmed           |       |     2 ||     2
       Bite              |       |     1 ||     1
 Cast: Summon Small Mamm |    83 |    31 ||   114
       Call Imp          |       |     4 ||     4
       Summon Guardian G |       |     1 ||     1
 Abil: End Transformatio |       |     1 ||     1
       Bat Form          |       |     1 ||     1
  Use: Potion            |     9 |       ||     9
Armor: Robe              |    10 |     4 ||    14
Dodge: Dodged            |    39 |    21 ||    60
